[Event "2026 Biel Blitz Open"]
[Site "Biel, CH"]
[Date "2026.07.19"]
[Round "3"]
[White "Chu, Wa Ching David"]
[Black "Jehnichen, Kai"]
[Result "0-1"]
[Board "50"]
[TimeControl "180+2"]
[WhiteFideId "6013180"]
[BlackFideId "24684333"]
[WhiteElo "1673"]
[BlackElo "1952"]
[WhiteClock "0:00:05"]
[BlackClock "0:00:58"]
[Variant "Standard"]
[EndDate "2026.07.19"]
[EndTime "12:34:29"]

1. d4 g6 2. c4 Bg7 3. Nc3 c5 4. e3 Nf6 5. Bd3 O-O 6. Nf3 Na6 7. a3 d6 8. O-O Bg4 9. h3 Bxf3 10. Qxf3 Rb8 11. Rd1 Nd7 12. Bf1 Nc7 13. d5 a6 14. a4 Qe8 15. e4 Ne5 16. Qe2 b5 17. axb5 axb5 18. Ra7 b4 19. Rxc7 bxc3 20. bxc3 Qd8 21. Ra7 Qb6 22. Ra1 Qb3 23. Bd2 e6 24. Rdb1 Qxb1 25. Rxb1 Rxb1 26. f4 Nd7 27. Qe3 Ra8 28. Kh2 Rxf1 29. dxe6 fxe6 30. Qd3 Raa1 31. Qxd6 Rh1+ 32. Kg3 Nf8 33. Qxc5 Rhd1 34. Be3 Rd3 35. Kg4 Re1 36. Bd4 Rxe4 37. Bxg7 Kxg7 38. Qe7+ Kg8 39. Kg5 Rd7 40. Qc5 Kg7 41. Qc6 h6+ 42. Kg4 Re2 43. Kf3 Red2 44. Qc5 h5 45. Qe5+ Kf7 46. Qb5 Nh7 47. c5 R7d3+ 48. Ke4 Nf6+ 49. Ke5 Rd5# 0-1

[Event "2026 Biel Blitz Open"]
[Site "Biel, CH"]
[Date "2026.07.19"]
[Round "3"]
[White "Havolli, Daut"]
[Black "Bachmann, Daniel"]
[Result "1-0"]
[Board "51"]
[TimeControl "180+2"]
[WhiteFideId "1315200"]
[BlackFideId "1357492"]
[WhiteElo "1950"]
[BlackElo "1689"]
[WhiteClock "0:00:17"]
[BlackClock "0:00:13"]
[Variant "Standard"]
[EndDate "2026.07.19"]
[EndTime "12:32:09"]

1. d4 Nf6 2. Bf4 d5 3. Nc3 c5 4. e3 cxd4 5. exd4 a6 6. Qd2 e6 7. f3 Nc6 8. O-O-O Bd6 9. g4 Bxf4 10. Qxf4 Ke7 11. h4 Qd6 12. Qg5 Bd7 13. Qxg7 Qf4+ 14. Kb1 Rag8 15. Nh3 Qe3 16. Qxh8 Rxh8 17. Bd3 Qxd4 18. Rhe1 Qb6 19. g5 d4 20. gxf6+ Kxf6 21. Ne4+ Ke7 22. Nhg5 e5 23. Nd2 f6 24. Nxh7 Nb4 25. Bg6 Rg8 26. h5 Qc6 27. Rc1 Be8 28. Rg1 Bxg6 29. hxg6 d3 30. c3 Nc2 31. Ne4 Qb6 32. Nhxf6 Rc8 33. Nd5+ Kf8 34. Nxb6 Rc6 35. Nd5 Kg7 36. Nb4 Rb6 37. Nxc2 dxc2+ 38. Rxc2 Rc6 39. Rcg2 b5 40. Rh1 b4 41. cxb4 Kg8 42. Rh7 a5 43. bxa5 Ra6 44. b4 Rc6 45. a4 Rc4 46. Nf6+ Kf8 47. Rf7# 1-0

[Event "2026 Biel Blitz Open"]
[Site "Biel, CH"]
[Date "2026.07.19"]
[Round "3"]
[White "Koehler, Noe"]
[Black "Jud, Marc"]
[Result "0-1"]
[Board "52"]
[TimeControl "180+2"]
[WhiteFideId "1362488"]
[BlackFideId "1309099"]
[WhiteElo "1639"]
[BlackElo "1946"]
[WhiteClock "0:00:26"]
[BlackClock "0:00:07"]
[Variant "Standard"]
[EndDate "2026.07.19"]
[EndTime "12:28:48"]

1. e4 c5 2. Nf3 d6 3. d4 cxd4 4. Nxd4 Nf6 5. Nc3 a6 6. f3 e5 7. Nb3 h5 8. Be3 Be6 9. Qd2 d5 10. O-O-O d4 11. Bg5 Be7 12. Ne2 Nc6 13. Kb1 Qc7 14. Ng3 g6 15. Bd3 a5 16. Qf2 O-O 17. f4 Ng4 18. Qf3 f6 19. Bh4 g5 20. f5 Bxb3 21. axb3 gxh4 22. Nxh5 Ne3 23. Rde1 Kf7 24. Rxe3 dxe3 25. Bc4+ Ke8 26. Qxe3 Rh8 27. Ng7+ Kd7 28. Rd1+ Kc8 29. Be6+ Kb8 30. Bc4 Nd4 31. Ne6 Nxe6 32. fxe6 Bc5 33. Qe2 a4 34. Rd7 Qb6 35. bxa4 Bd4 36. c3 Bxc3 37. Qc2 Bd4 38. a5 Rxa5 39. Kc1 Rc5 40. Kd1 Qb4 41. b3 Qa3 42. Qb1 Rg8 43. e7 Rcc8 44. Rd8 Rcxd8 45. exd8=Q+ Rxd8 46. g3 hxg3 47. hxg3 Bf2+ 0-1

[Event "2026 Biel Blitz Open"]
[Site "Biel, CH"]
[Date "2026.07.19"]
[Round "3"]
[White "Munoz de Leon, David"]
[Black "Waelti, Thomas"]
[Result "0-1"]
[Board "53"]
[TimeControl "180+2"]
[WhiteFideId "1340271"]
[BlackFideId "1303996"]
[WhiteElo "1609"]
[BlackElo "1940"]
[WhiteClock "0:00:06"]
[BlackClock "0:00:37"]
[Variant "Standard"]
[EndDate "2026.07.19"]
[EndTime "12:37:07"]

1. d4 d5 2. c4 e6 3. Nc3 Nf6 4. a3 Be7 5. Bf4 O-O 6. Nf3 c6 7. e3 Nbd7 8. cxd5 exd5 9. Bd3 Re8 10. O-O Nf8 11. Qc2 g6 12. Be5 Ne6 13. Rad1 Ng7 14. Rfe1 Bf5 15. e4 dxe4 16. Bxe4 Nxe4 17. Nxe4 f6 18. Bf4 Kh8 19. Qc4 Nh5 20. Bh6 Qd5 21. Qxd5 cxd5 22. Ng3 Nxg3 23. fxg3 Bd6 24. Nh4 Be4 25. b4 g5 26. g4 gxh4 27. Rf1 Be7 28. Rc1 Rac8 29. h3 Kg8 30. Kh2 Kf7 31. g5 f5 32. g4 hxg3+ 33. Kxg3 Bd6+ 34. Kh4 Kg6 35. Rce1 Rc3 36. a4 Bg2 37. Rxe8 Rxh3# 0-1

[Event "2026 Biel Blitz Open"]
[Site "Biel, CH"]
[Date "2026.07.19"]
[Round "3"]
[White "Garcia, Miguel"]
[Black "Kamildjanov, Saidbek"]
[Result "0-1"]
[Board "54"]
[TimeControl "180+2"]
[WhiteFideId "1317431"]
[BlackFideId "151105026"]
[WhiteElo "1938"]
[BlackElo "1659"]
[WhiteClock "0:00:16"]
[BlackClock "0:01:26"]
[Variant "Standard"]
[EndDate "2026.07.19"]
[EndTime "12:26:54"]

1. d4 d5 2. Nf3 Bf5 3. Bf4 Nf6 4. c4 e6 5. Nc3 Bb4 6. e3 Ne4 7. Qb3 Bxc3+ 8. bxc3 b6 9. cxd5 exd5 10. c4 dxc4 11. Bxc4 O-O 12. O-O c6 13. Rfd1 b5 14. Be2 Nd7 15. Rac1 Rc8 16. a4 a6 17. Ne5 Nxe5 18. Bxe5 Qb6 19. f3 Ng5 20. Rc5 Ne6 21. Rc3 Kh8 22. Rdc1 f6 23. Bd6 Rfd8 24. Bg3 Rxd4 25. exd4 Nxd4 26. Qa2 Nxe2+ 27. Kh1 Nxc3 28. Rxc3 Qd4 29. axb5 Qd1+ 0-1

[Event "2026 Biel Blitz Open"]
[Site "Biel, CH"]
[Date "2026.07.19"]
[Round "4"]
[White "Thorfinnsson, Bjorn"]
[Black "Bu, Xiangzhi"]
[Result "0-1"]
[Board "1"]
[TimeControl "180+2"]
[WhiteFideId "2300982"]
[BlackFideId "8601445"]
[WhiteElo "2396"]
[BlackElo "2719"]
[WhiteTitle "IM"]
[BlackTitle "GM"]
[WhiteClock "0:00:20"]
[BlackClock "0:00:10"]
[Variant "Standard"]
[EndDate "2026.07.19"]
[EndTime "12:51:53"]

1. d4 d5 2. Nf3 Nf6 3. Bg5 c5 4. e3 Qb6 5. Nc3 e6 6. Rb1 Nc6 7. a3 cxd4 8. exd4 Ne4 9. Be3 Qa5 10. Bd3 Nxc3 11. bxc3 Qxc3+ 12. Bd2 Qxa3 13. O-O Be7 14. Re1 Qd6 15. Rb3 a5 16. Qa1 a4 17. c4 dxc4 18. Bxc4 axb3 19. Qxa8 O-O 20. Qa4 Nxd4 21. Nxd4 Qxd4 22. Be3 Qc3 23. Rc1 Qb4 24. Bxb3 Qxa4 25. Bxa4 e5 26. h3 Bd6 27. Rd1 Be7 28. Rc1 Bd6 29. Rd1 Bc7 30. Rc1 Bd6 31. Rd1 Bb4 32. Rb1 Ba5 33. Rb5 Bc7 34. Rc5 Bb8 35. Rc1 Be6 36. Rb1 Bd5 37. Rd1 Bc6 38. Bb3 Bc7 39. Rc1 Rc8 40. Rc2 Bd6 41. Rd2 Be7 42. Ra2 Kf8 43. Ra5 f6 44. Ra1 g5 45. h4 h6 46. hxg5 hxg5 47. f3 Kg7 48. Kf2 Bb5 49. Rb1 Bc6 50. Be6 Ra8 51. Bf5 Ra2+ 52. Kg3 Bd6 53. Rh1 e4+ 54. f4 gxf4+ 55. Bxf4 Bxf4+ 56. Kxf4 Rf2+ 57. Kg4 Rxg2+ 58. Kf4 Rf2+ 59. Kg4 e3 60. Re1 e2 61. Bd3 f5+ 62. Bxf5 Rf1 0-1

[Event "2026 Biel Blitz Open"]
[Site "Biel, CH"]
[Date "2026.07.19"]
[Round "4"]
[White "Safarli, Eltaj"]
[Black "Mohammad Nubairshah Shaikh"]
[Result "0-1"]
[Board "2"]
[TimeControl "180+2"]
[WhiteFideId "13402129"]
[BlackFideId "5053196"]
[WhiteElo "2619"]
[BlackElo "2316"]
[WhiteTitle "GM"]
[BlackTitle "IM"]
[WhiteClock "0:00:17"]
[BlackClock "0:00:05"]
[Variant "Standard"]
[EndDate "2026.07.19"]
[EndTime "12:49:25"]

1. e4 c6 2. d4 d5 3. exd5 cxd5 4. c4 Nf6 5. Nc3 e6 6. Nf3 Bb4 7. cxd5 Nxd5 8. Bd2 Nc6 9. Bd3 O-O 10. O-O Be7 11. Re1 Ndb4 12. Be4 Nxd4 13. Nxd4 Qxd4 14. Qe2 Bd7 15. Be3 Qe5 16. Bxb7 Rab8 17. Be4 Bb5 18. Nxb5 Qxe4 19. Nc3 Qb7 20. Rad1 Bf6 21. Bd4 Bxd4 22. Rxd4 Nc6 23. Rd2 Rfd8 24. Red1 a5 25. h4 h6 26. Qe4 Qc7 27. Rxd8+ Rxd8 28. Rxd8+ Nxd8 29. g3 Nc6 30. Kg2 Kf8 31. Qc4 Qb6 32. Ne4 Ke7 33. Qc3 e5 34. h5 f5 35. Nc5 Qb4 36. Qc1 Qd4 37. Nb3 Qd5+ 38. Kg1 a4 39. Qc5+ Ke6 40. Qxd5+ Kxd5 41. Nd2 Kd4 42. b3 Kc3 43. Nf3 a3 44. Nh4 Nd4 45. f4 e4 46. Kf2 Kb2 47. Ke3 Nxb3 48. Nxf5 Nc5 49. Kd4 Kxa2 50. Kxc5 Kb2 51. Ne3 a2 52. Nc4+ Kc3 0-1

[Event "2026 Biel Blitz Open"]
[Site "Biel, CH"]
[Date "2026.07.19"]
[Round "4"]
[White "Shukhman, Anna"]
[Black "Amonatov, Farrukh"]
[Result "1-0"]
[Board "3"]
[TimeControl "180+2"]
[WhiteFideId "54180058"]
[BlackFideId "14700077"]
[WhiteElo "2392"]
[BlackElo "2585"]
[WhiteTitle "WGM"]
[BlackTitle "GM"]
[WhiteClock "0:00:07"]
[BlackClock "0:00:05"]
[Variant "Standard"]
[EndDate "2026.07.19"]
[EndTime "12:50:34"]

1. e4 c5 2. Nf3 d6 3. d4 cxd4 4. Nxd4 Nf6 5. Nc3 a6 6. Be2 e5 7. Nb3 Be7 8. Be3 Be6 9. Nd5 Nbd7 10. Qd3 Bxd5 11. exd5 O-O 12. g4 Nc5 13. Nxc5 dxc5 14. O-O-O e4 15. Qb3 Bd6 16. Qxb7 Rb8 17. Qxa6 Qe7 18. c3 Nd7 19. Qc4 Ra8 20. Kb1 Rfb8 21. Rd2 Nb6 22. Qb3 Na4 23. Bb5 Ra5 24. c4 Nb6 25. Qc2 Be5 26. Qxe4 Qd6 27. f4 Bc3 28. bxc3 Nxc4 29. Qxc4 Raxb5+ 30. Ka1 Qb6 31. Rdd1 h6 32. Qa4 Ra5 33. Qc2 Rba8 34. Rb1 Qg6 35. Rb2 Rxa2+ 36. Rxa2 Qxc2 37. Rxa8+ Kh7 38. Rc1 Qd3 39. Bg1 Qxd5 40. Ra2 Qc4 41. Be3 Qe4 42. Re1 Qf3 43. g5 h5 44. Rf2 Qe4 45. Kb2 Qb7+ 46. Kc1 Qb3 47. Rc2 Qc4 48. f5 Qe4 49. Rf2 Qd3 50. Bd2 Qd5 51. g6+ fxg6 52. fxg6+ Kxg6 53. Rg1+ Kh7 54. Rfg2 Kg8 55. Rxg7+ Kf8 56. Rg8+ Kf7 57. R1g7+ Kf6 58. Rg6+ Kf7 59. R8g7+ Kf8 60. Ra7 Qh1+ 61. Kb2 Qxh2 62. Rf6+ Ke8 63. Kc2 Qe5 64. Rh6 Qf5+ 65. Kb2 Qe5 66. Rh8+ Qxh8 67. Ra8+ 1-0

[Event "2026 Biel Blitz Open"]
[Site "Biel, CH"]
[Date "2026.07.19"]
[Round "4"]
[White "Kozak, Adam"]
[Black "Omar, Noaman"]
[Result "1-0"]
[Board "4"]
[TimeControl "180+2"]
[WhiteFideId "753246"]
[BlackFideId "9300244"]
[WhiteElo "2537"]
[BlackElo "2274"]
[WhiteTitle "GM"]
[BlackTitle "IM"]
[WhiteClock "0:01:24"]
[BlackClock "0:00:14"]
[Variant "Standard"]
[EndDate "2026.07.19"]
[EndTime "12:45:55"]

1. d4 d5 2. c4 e6 3. Nc3 Be7 4. cxd5 exd5 5. Bf4 Nf6 6. e3 O-O 7. Bd3 Re8 8. Nf3 Nh5 9. Be5 Nc6 10. Bg3 g6 11. Qd2 Bf6 12. O-O-O 1-0

[Event "2026 Biel Blitz Open"]
[Site "Biel, CH"]
[Date "2026.07.19"]
[Round "4"]
[White "Gloeckler, Christian"]
[Black "Cao, Qingfeng"]
[Result "1-0"]
[Board "5"]
[TimeControl "180+2"]
[WhiteFideId "34608966"]
[BlackFideId "8627568"]
[WhiteElo "2513"]
[BlackElo "2264"]
[WhiteTitle "IM"]
[BlackTitle "IM"]
[WhiteClock "0:00:08"]
[BlackClock "0:00:05"]
[Variant "Standard"]
[EndDate "2026.07.19"]
[EndTime "12:50:33"]

1. e4 c6 2. Nc3 d5 3. Nf3 Bg4 4. h3 Bxf3 5. Qxf3 e6 6. Be2 Bc5 7. O-O Nd7 8. Na4 Bd6 9. d4 dxe4 10. Qxe4 Ngf6 11. Qh4 Nd5 12. Qxd8+ Rxd8 13. c4 Nf4 14. Bf3 O-O 15. g3 Nd3 16. Bd2 Nb6 17. Nxb6 axb6 18. Rab1 Nb4 19. a3 Nc2 20. Bc3 Be7 21. d5 cxd5 22. cxd5 exd5 23. Rbd1 d4 24. Bd2 Bf6 25. Be4 d3 26. Bc1 Nd4 27. Bxd3 Nb3 28. Be3 Nc5 29. Bxc5 bxc5 30. b3 b6 31. Bc4 Bd4 32. Kg2 Rfe8 33. Rfe1 Kf8 34. f4 f5 35. Kf3 g6 36. g4 Kg7 37. Bb5 Rxe1 38. Rxe1 Bf6 39. g5 Bb2 40. Re7+ Kh8 41. a4 Bc3 42. Rb7 Ba5 43. Bc4 Re8 44. Rd7 Bc3 45. Rd6 Ba5 46. h4 Rf8 47. h5 gxh5 48. Rh6 Kg7 49. Rxh5 Re8 50. Bd3 Bd2 51. Bxf5 Re3+ 52. Kg4 Rxb3 53. Rxh7+ Kf8 54. g6 Rb4 55. g7+ Kg8 56. Be6+ 1-0

[Event "2026 Biel Blitz Open"]
[Site "Biel, CH"]
[Date "2026.07.19"]
[Round "4"]
[White "Tureshbayev, Anuar"]
[Black "Aronyak Ghosh"]
[Result "0-1"]
[Board "6"]
[TimeControl "180+2"]
[WhiteFideId "651081709"]
[BlackFideId "25072846"]
[WhiteElo "2328"]
[BlackElo "2488"]
[WhiteTitle "FM"]
[BlackTitle "IM"]
[WhiteClock "0:00:04"]
[BlackClock "0:00:51"]
[Variant "Standard"]
[EndDate "2026.07.19"]
[EndTime "12:46:36"]

1. e4 Nf6 2. e5 Nd5 3. d4 d6 4. Nf3 dxe5 5. dxe5 Nc6 6. a3 Bg4 7. Be2 e6 8. O-O Be7 9. c4 Nb6 10. Qc2 Bxf3 11. Bxf3 Nd4 12. Qe4 Nxc4 13. Rd1 c5 14. b3 Nxe5 15. Be2 Qd5 16. Bb5+ Nec6 17. Qg4 h5 18. Qxg7 0-1

[Event "2026 Biel Blitz Open"]
[Site "Biel, CH"]
[Date "2026.07.19"]
[Round "4"]
[White "Alexakis, Dimitris"]
[Black "Ling, Chenxuan"]
[Result "0-1"]
[Board "7"]
[TimeControl "180+2"]
[WhiteFideId "4277023"]
[BlackFideId "30983118"]
[WhiteElo "2459"]
[BlackElo "2235"]
[WhiteTitle "GM"]
[BlackTitle "CM"]
[WhiteClock "0:00:20"]
[BlackClock "0:00:04"]
[Variant "Standard"]
[EndDate "2026.07.19"]
[EndTime "12:49:43"]

1. e4 e6 2. d4 d5 3. Nc3 Bb4 4. e5 c5 5. a3 Bxc3+ 6. bxc3 Ne7 7. h4 Qc7 8. Nf3 b6 9. h5 h6 10. Bb5+ Bd7 11. Bd3 Ba4 12. Rh4 c4 13. Be2 Nd7 14. Rg4 Nf5 15. Nh4 Nxh4 16. Rxh4 O-O-O 17. Rg4 Rhg8 18. Bf4 Rdf8 19. Qd2 Qc6 20. Kf1 f6 21. Kg1 fxe5 22. dxe5 Qc7 23. Rg6 Nc5 24. Bg4 Bd7 25. Be3 Ne4 26. Qd4 Re8 27. a4 Kb8 28. a5 b5 29. f3 Ng5 30. Bxg5 hxg5 31. Rxg5 Re7 32. f4 Rf7 33. g3 Rgf8 34. Rg6 Qc8 35. Kg2 Re7 36. Rh1 Rh8 37. h6 gxh6 38. f5 exf5 39. Bf3 Bc6 40. e6 Rhe8 41. Rh2 h5 42. Rxh5 Rxe6 43. Rhh6 Re2+ 0-1

[Event "2026 Biel Blitz Open"]
[Site "Biel, CH"]
[Date "2026.07.19"]
[Round "4"]
[White "Kukushkin, Ivan"]
[Black "Arjun Kalyan"]
[Result "0-1"]
[Board "8"]
[TimeControl "180+2"]
[WhiteFideId "11634103"]
[BlackFideId "35018701"]
[WhiteElo "2265"]
[BlackElo "2451"]
[WhiteTitle "FM"]
[BlackTitle "GM"]
[WhiteClock "0:00:04"]
[BlackClock "0:00:20"]
[Variant "Standard"]
[EndDate "2026.07.19"]
[EndTime "12:48:12"]

1. d4 d5 2. Nf3 Nf6 3. Bf4 e6 4. e3 Bd6 5. c3 O-O 6. Bd3 c5 7. Bg3 Qc7 8. Nbd2 Nbd7 9. Bxd6 Qxd6 10. O-O b6 11. Re1 Bb7 12. e4 dxe4 13. Nxe4 Nxe4 14. Bxe4 Bxe4 15. Rxe4 Rad8 16. dxc5 Nxc5 17. Rd4 Qc7 18. Qe2 Rxd4 19. Nxd4 Rd8 20. Re1 g6 21. Qf3 Rd5 22. h4 h5 23. g3 a6 24. Qe2 b5 25. Nf3 Nd3 26. Rd1 Qc4 27. Nd2 Qxa2 28. Ne4 Qxb2 29. Qe3 Qc2 30. Rd2 Qb1+ 31. Kh2 Ne5 32. Kg2 Rxd2 33. Qxd2 Qxe4+ 0-1

[Event "2026 Biel Blitz Open"]
[Site "Biel, CH"]
[Date "2026.07.19"]
[Round "4"]
[White "Elmi, Saad Abobaker"]
[Black "Xu, Chang(CQ)"]
[Result "1-0"]
[Board "9"]
[TimeControl "180+2"]
[WhiteFideId "1553259"]
[BlackFideId "8641757"]
[WhiteElo "2409"]
[BlackElo "2049"]
[WhiteTitle "IM"]
[WhiteClock "0:00:11"]
[BlackClock "0:00:12"]
[Variant "Standard"]
[EndDate "2026.07.19"]
[EndTime "12:56:23"]

1. Nf3 Nf6 2. c4 e6 3. Nc3 d5 4. e3 Be7 5. b3 O-O 6. Bb2 c5 7. cxd5 exd5 8. d4 Nc6 9. Be2 Ne4 10. O-O Bf6 11. Na4 Be6 12. Rc1 cxd4 13. Nxd4 Rc8 14. Nxc6 bxc6 15. Bd4 Bxd4 16. Qxd4 Qa5 17. Rfd1 c5 18. Qe5 Rfd8 19. f3 Nf6 20. Qc3 Qxc3 21. Rxc3 d4 22. exd4 cxd4 23. Rxc8 Bxc8 24. Nc5 Kf8 25. Bc4 Bf5 26. Kf2 h5 27. b4 g5 28. Nb3 d3 29. b5 g4 30. a4 gxf3 31. gxf3 Ke7 32. a5 Nd7 33. Bxd3 Ne5 34. Be2 Rb8 35. Rd5 Kf6 36. Nd4 Be6 37. Rxe5 1-0

[Event "2026 Biel Blitz Open"]
[Site "Biel, CH"]
[Date "2026.07.19"]
[Round "4"]
[White "Aryan Goyal"]
[Black "Ghosh, Diptayan"]
[Result "0-1"]
[Board "10"]
[TimeControl "180+2"]
[WhiteFideId "366108825"]
[BlackFideId "5045207"]
[WhiteElo "1748"]
[BlackElo "2530"]
[BlackTitle "GM"]
[WhiteClock "0:03:02"]
[BlackClock "0:00:58"]
[Variant "Standard"]
[EndDate "2026.07.19"]
[EndTime "12:56:13"]

1. e4 e5 2. Nf3 Nc6 3. Bb5 a6 4. Ba4 Bc5 5. c3 Nge7 6. O-O Ba7 7. d4 Ng6 8. Re1 O-O 9. Be3 Qf6 10. Bg5 Qd6 11. d5 Nce7 12. Nbd2 b5 13. Bc2 c6 14. dxc6 dxc6 15. Nf1 Qc7 16. a4 Be6 17. axb5 axb5 18. Be3 c5 19. Qe2 c4 20. g3 h6 21. h4 Nc6 22. Bxa7 Rxa7 23. Qe3 Rfa8 24. Rxa7 Rxa7 25. Qc5 Ra5 26. Rd1 Nge7 27. Ne3 b4 28. Qd6 Qxd6 29. Rxd6 Ra2 30. Nd1 bxc3 31. Nxc3 Nb4 32. Bb1 Rxb2 33. Nxe5 Rb3 34. Rd8+ Kh7 35. Nd7 Bxd7 36. Rxd7 Rxc3 37. e5+ Nd3 38. Bxd3+ cxd3 39. Rxe7 d2 40. Rd7 0-1

[Event "2026 Biel Blitz Open"]
[Site "Biel, CH"]
[Date "2026.07.19"]
[Round "4"]
[White "Filipovic, Branko"]
[Black "Rohrer, Christophe"]
[Result "1-0"]
[Board "11"]
[TimeControl "180+2"]
[WhiteFideId "14507951"]
[BlackFideId "1326546"]
[WhiteElo "2109"]
[BlackElo "2216"]
[WhiteTitle "IM"]
[BlackTitle "FM"]
[WhiteClock "0:00:15"]
[BlackClock "0:00:32"]
[Variant "Standard"]
[EndDate "2026.07.19"]
[EndTime "12:48:45"]

1. d4 Nf6 2. Bf4 e6 3. Nf3 c5 4. e3 Nc6 5. c3 h6 6. h3 d5 7. Nbd2 Bd6 8. Bxd6 Qxd6 9. Bb5 Bd7 10. O-O O-O 11. Qe2 a6 12. Bxc6 Bxc6 13. Rfd1 Bb5 14. c4 dxc4 15. a4 Bc6 16. Nxc4 Qe7 17. Nfe5 Rac8 18. Nb6 Rc7 19. a5 Bb5 20. Qe1 Rd8 21. dxc5 Rxc5 22. Rxd8+ Qxd8 23. Rd1 Qc7 24. Nf3 Rc2 25. Nd4 Rxb2 26. Rc1 Qd6 27. Qc3 Ra2 28. Rc2 Ra3 29. Qc8+ Kh7 30. Rc1 Rxa5 31. Qc2+ g6 32. Qc7 Qxc7 33. Rxc7 Ra1+ 34. Kh2 Kg8 35. Rxb7 Bd3 36. Rb8+ Kg7 37. Rb7 Ne4 38. Nxe6+ Kf6 39. Nf4 Nxf2 40. Nbd5+ Kg7 41. Ne6+ Kh7 42. Nf6+ Kh8 43. Rb8# 1-0

[Event "2026 Biel Blitz Open"]
[Site "Biel, CH"]
[Date "2026.07.19"]
[Round "4"]
[White "Python, Noe"]
[Black "Haimovich, Tal"]
[Result "0-1"]
[Board "12"]
[TimeControl "180+2"]
[WhiteFideId "1337637"]
[BlackFideId "2801698"]
[WhiteElo "2010"]
[BlackElo "2347"]
[BlackTitle "IM"]
[WhiteClock "0:00:06"]
[BlackClock "0:01:18"]
[Variant "Standard"]
[EndDate "2026.07.19"]
[EndTime "12:56:33"]

1. e4 e5 2. Nf3 Nc6 3. Nc3 Nf6 4. d4 exd4 5. Nxd4 d6 6. Bb5 Bd7 7. O-O Be7 8. Nxc6 bxc6 9. Bd3 O-O 10. f4 Rb8 11. h3 c5 12. b3 Bc6 13. Bb2 Re8 14. Nd5 Bxd5 15. exd5 Nd7 16. Re1 Bf6 17. Bxf6 Nxf6 18. Qf3 Qd7 19. a4 Rxe1+ 20. Rxe1 Re8 21. Rxe8+ Qxe8 22. Kf2 Kf8 23. c4 Qb8 24. Bc2 Qb4 25. Qd3 Qa3 26. Qe2 Qb2 27. Kg1 Qd4+ 28. Qf2 Qxf2+ 29. Kxf2 a5 30. g4 h6 31. g5 hxg5 32. fxg5 Nd7 33. Kg3 Ne5 34. Kf4 Ke7 35. h4 g6 36. Ke4 Nd7 37. Bd1 Nb8 38. h5 gxh5 39. Bxh5 Nd7 40. Kf5 Ne5 41. Be2 Kf8 42. Kf6 Nd7+ 43. Kf5 Kg7 44. Bd1 Ne5 45. Be2 Ng6 46. Bd1 Ne7+ 47. Kf4 f6 48. gxf6+ Kxf6 49. Bc2 c6 50. dxc6 Nxc6 51. Ke4 Ke6 52. Bd1 Nd4 53. Bg4+ Ke7 54. Bd1 Kd7 55. Kd5 Kc7 56. Ke4 Kc6 57. Kd3 Kd7 58. Ke4 Ke6 59. Bg4+ Ke7 60. Bd1 Kd7 61. Kd5 Kc7 62. Ke4 Kc6 63. Kd3 Ne6 64. Ke4 Nd8 65. Bf3 Nf7 66. Kf5+ Kc7 67. Ke6 0-1

[Event "2026 Biel Blitz Open"]
[Site "Biel, CH"]
[Date "2026.07.19"]
[Round "4"]
[White "Dong, Hongfu"]
[Black "El-Mais, Ibaa"]
[Result "1-0"]
[Board "13"]
[TimeControl "180+2"]
[WhiteFideId "8626960"]
[BlackFideId "1312715"]
[WhiteElo "2290"]
[BlackElo "2012"]
[WhiteClock "0:02:02"]
[BlackClock "0:00:07"]
[Variant "Standard"]
[EndDate "2026.07.19"]
[EndTime "12:47:51"]

1. e4 c6 2. d4 d5 3. e5 c5 4. dxc5 e6 5. Qh5 Bxc5 6. Bd3 Nd7 7. Nf3 Nf8 8. O-O Ne7 9. Nbd2 Nfg6 10. Nb3 Bb6 11. Bg5 Bd7 12. c4 dxc4 13. Bxc4 Qc7 14. Rac1 Bc6 15. Nbd4 O-O 16. Nxc6 Nxc6 17. Bd3 Ncxe5 18. Rxc7 Bxc7 19. Nxe5 Bxe5 20. Qe2 Bf6 21. Bxf6 gxf6 22. Rc1 Rac8 23. Rxc8 Rxc8 24. g3 Kg7 25. f4 f5 26. Kg2 Ne7 27. Qe3 b6 28. Qd4+ Kg8 29. Qd7 Kf8 30. Qxa7 Nd5 31. Qd7 Rc1 32. Kh3 Rd1 33. Qc8+ Kg7 34. Bc4 Ne3 35. Be2 Rd2 36. Qc3+ 1-0

[Event "2026 Biel Blitz Open"]
[Site "Biel, CH"]
[Date "2026.07.19"]
[Round "4"]
[White "Gluckman, David"]
[Black "Schweizer, Samuel"]
[Result "1-0"]
[Board "14"]
[TimeControl "180+2"]
[WhiteFideId "14300010"]
[BlackFideId "1325353"]
[WhiteElo "2240"]
[BlackElo "2006"]
[WhiteTitle "IM"]
[WhiteClock "0:00:20"]
[BlackClock "0:00:42"]
[Variant "Standard"]
[EndDate "2026.07.19"]
[EndTime "12:56:35"]

1. e4 g6 2. d4 Bg7 3. Bc4 e6 4. Nc3 d6 5. Nf3 Ne7 6. O-O a6 7. a4 b6 8. Re1 Bb7 9. Bg5 h6 10. Bh4 g5 11. Bg3 Nd7 12. h3 Ng6 13. Qe2 Qe7 14. Rad1 h5 15. d5 e5 16. Na2 Bc8 17. Nb4 Nf4 18. Bxf4 gxf4 19. Nxa6 Bxa6 20. Bxa6 Bf6 21. Bb5 Kf8 22. Bxd7 Qxd7 23. b3 Rg8 24. Kh1 Kg7 25. Rd3 Kh6 26. Rc3 Rg6 27. Rg1 Rag8 28. Ne1 Bd8 29. Rf3 f5 30. c4 Qf7 31. Qd3 fxe4 32. Qxe4 Qg7 33. Rd3 Qd7 34. Rf3 R8g7 35. Rd3 Qf7 36. Rf3 Qe7 37. Rd3 Qh4 38. Rf3 Qe7 39. b4 Qd7 40. b5 Qc8 41. Rd3 Bh4 42. Rf3 Qa8 43. Qc2 Re7 44. g3 Reg7 45. Rg2 Qc8 46. gxh4 Rxg2 47. Nxg2 Qg8 48. Qf5 Rxg2 49. Qe6+ Qxe6 50. dxe6 Rg6 51. a5 bxa5 52. Ra3 Rxe6 1-0

[Event "2026 Biel Blitz Open"]
[Site "Biel, CH"]
[Date "2026.07.19"]
[Round "4"]
[White "Kolly, Jacques"]
[Black "Kwiatkowski, Maciej"]
[Result "1-0"]
[Board "16"]
[TimeControl "180+2"]
[WhiteFideId "1302183"]
[BlackFideId "1360175"]
[WhiteElo "2203"]
[BlackElo "1967"]
[WhiteTitle "FM"]
[WhiteClock "0:00:39"]
[BlackClock "0:00:09"]
[Variant "Standard"]
[EndDate "2026.07.19"]
[EndTime "12:52:15"]

1. d4 Nf6 2. c4 e6 3. Nc3 d5 4. Bg5 c6 5. e3 Nbd7 6. Nf3 Qa5 7. Bxf6 Nxf6 8. Qc2 Ne4 9. Nd2 Nxd2 10. Qxd2 Be7 11. Be2 O-O 12. O-O dxc4 13. Bxc4 e5 14. d5 Rd8 15. Rfd1 Bb4 16. e4 cxd5 17. exd5 Bf5 18. Rac1 Rac8 19. Bb3 Bg4 20. f3 Bf5 21. g4 Bg6 22. Kg2 e4 23. f4 h6 24. f5 Bh7 25. Qd4 Re8 26. Nxe4 Rxc1 27. Rxc1 Qb5 28. Qc4 Qxc4 29. Rxc4 a5 30. Kf3 h5 31. h3 hxg4+ 32. hxg4 b5 33. Rc6 a4 34. Bc2 Be7 35. Bd3 b4 36. d6 Bd8 37. Bb5 a3 38. bxa3 bxa3 39. Rc8 Rf8 40. d7 g6 41. f6 g5 42. Nxg5 Bb1 43. Bc4 Bxf6 44. Bxf7+ Kg7 45. Ne6+ Kxf7 46. Rxf8+ Kxe6 47. Rxf6+ Kxd7 48. Ra6 Bd3 49. Rxa3 Bb5 50. Kf4 Ke7 51. g5 Kf7 52. Ra5 Bd3 53. Ke5 Bc2 54. Rc5 Bd3 55. a4 Kg6 56. Kf4 Be2 57. a5 Bf1 58. a6 Bxa6 59. Rc6+ 1-0

[Event "2026 Biel Blitz Open"]
[Site "Biel, CH"]
[Date "2026.07.19"]
[Round "4"]
[White "Dietiker, Manuel"]
[Black "Gautier, Anand"]
[Result "0-1"]
[Board "17"]
[TimeControl "180+2"]
[WhiteFideId "1317377"]
[BlackFideId "26010186"]
[WhiteElo "2002"]
[BlackElo "2198"]
[BlackTitle "FM"]
[WhiteClock "0:00:18"]
[BlackClock "0:00:28"]
[Variant "Standard"]
[EndDate "2026.07.19"]
[EndTime "12:52:25"]

1. e4 c5 2. Nf3 d6 3. d4 cxd4 4. Nxd4 Nf6 5. Nc3 a6 6. Rg1 h5 7. h3 g6 8. g4 Bg7 9. Be3 Nc6 10. g5 Nd7 11. Nd5 O-O 12. c3 e6 13. Nxc6 bxc6 14. Nf6+ Nxf6 15. gxf6 Qxf6 16. Qxd6 e5 17. Qxf6 Bxf6 18. O-O-O Be6 19. Be2 Kh7 20. Rd6 Rfc8 21. b3 Be7 22. Rd2 Bxh3 23. Rh1 Be6 24. f4 exf4 25. Bxf4 Rd8 26. Bxh5 Kg7 27. Rg2 Rh8 28. Be5+ Bf6 29. Bxf6+ Kxf6 30. Rf1+ Ke7 31. Be2 a5 32. Kb2 a4 33. b4 a3+ 34. Kc2 Bh3 35. Rgf2 Bxf1 36. Rxf1 Rh2 37. Kd1 f6 38. Bc4 Rd8+ 39. Kc1 Rdd2 40. Bb3 g5 41. c4 Rd4 42. Re1 g4 43. b5 cxb5 44. cxb5 Rb4 45. e5 f5 46. Rf1 f4 47. b6 f3 48. e6 Rxb6 49. Rg1 Rxb3 0-1